 Dungeon Crawl Stone Soup version 0.32-a0-732-ga344392067 (webtiles) character file.

Game seed: 13913271266998167971

370 NateTC the Ruffian (level 6, -1/7 HPs)
             Began as a Troll Monk on Mar 16, 2024.
             Killed from afar by Sigmund (6 damage)
             ... with a magic dart
             ... on level 5 of the Dungeon.
             The game lasted 00:02:56 (2801 turns).

NateTC the Ruffian (Troll Monk)                     Turns: 2801, Time: 00:02:57

Health: -1/7       AC:  2    Str: 27    XL:     6   Next: 42%
Magic:  5/5        EV:  9    Int:  6    God:
Gold:   173        SH:  0    Dex: 12    Spells: 5/5 levels left

rFire   . .          .
                       - Unarmed
rCold   . . .        c - melded orb {light}
rNeg    . . .        a - melded +1 robe
rPois   +            (helmet currently unavailable)
rElec   .            (cloak currently unavailable)
rCorr   .            (gloves unavailable)
SInv    .            (boots unavailable)
Will    .....        (no amulet)
Stlth   +            (no ring)
HPRegen 1.01/turn    (no ring)
MPRegen 0.09/turn

%: no passive effects
@: lethally poisoned (-1 -> -3), snake-form
A: constrict, reduced hp, large, unfitting armour, (claws 3), regeneration 1,
(shaggy fur 1), (tough skin 1)
a: Begin Untransformation


You were on level 5 of the Dungeon.
You were an enormous serpent.
You visited 1 branch of the dungeon, and saw 5 of its levels.

You collected 173 gold pieces.

Inventory:

Armour
 a - a +1 robe (melded)
 c - an orb of light (melded)
Jewellery
 p - a ring of flight
Talismans
 e - a serpent talisman (active)
Wands
 k - a wand of warping (13)
Scrolls
 d - a scroll of immolation
 j - a scroll of fog
 l - a scroll of amnesia
 o - a scroll of revelation
 q - a scroll of noise
Potions
 b - a potion of ambrosia
 f - a potion of berserk rage {unknown}
 g - 3 potions of magic
 h - 2 potions of curing {unknown}
 i - 2 potions of heal wounds {unknown}
 m - 2 potions of resistance {unknown}


   Skills:
 + Level 4.0 Fighting
 - Level 2.4 Dodging
 * Level 6.2 Unarmed Combat


You had 5 spell levels left.
You didn't know any spells.
Your spell library contained the following spells:

 Spells                   Type           Power      Damage    Failure   Level
 Sting                    Conj/Alch      0%         1d3       45%         1
 Mercury Vapours          Alch/Air       0%         N/A       58%         2
 Frozen Ramparts          Ice            0%         1d1       83%         3
 Ozocubu's Armour         Ice            0%         N/A       83%         3
 Olgreb's Toxic Radiance  Alch           0%         N/A       99%         4
 Metabolic Englaciation   Hex/Ice        0%         N/A       100%        5


Dungeon Overview and Level Annotations

Branches:
Dungeon (5/15) Zot: 26889
 Temple: D:4-7

Altars:
Trog

Annotations:
D:1 1 transporter
D:5 Sigmund


Innate Abilities, Weirdness & Mutations

You are an enormous serpent.
You have a powerful constriction melee attack.
Your maximum health is decreased, since you lack skill for your form.
Your armour is entirely melded.
You are incapable of wielding weapons or throwing items.
You are too large for most types of armour.
((You have claws for hands.))
Your natural rate of healing is unusually fast.
((You are covered in fur. (AC +1)))
((You have tough skin. (AC +1)))


Message History

You lash the jackal!
You kill the jackal!
You hit the jackal but do no damage. Your grab misses the jackal.
The jackal bites you but does no damage.
You hit the jackal. You grab the jackal.
The jackal is heavily wounded.
You constrict the jackal.
You kill the jackal!
You hit the jackal. Your grab misses the jackal.
The jackal is severely wounded.
The jackal bites you but does no damage.
The jackal barely misses you.
You hit the jackal.
You kill the jackal!
You hit the jackal. Your grab misses the jackal.
The jackal is almost dead.
The jackal closely misses you.
You hit the jackal.
You kill the jackal!
No target in view!
No target in view!
No target in view!
No target in view!
No target in view!
No target in view!
No target in view!
No target in view!
No target in view!
No target in view!
No target in view!
You see here a jackal corpse.
Sigmund the Dreaded comes into view.
He is wielding a +2 scythe of venom and carrying a wand of polymorph.
Sigmund hits you from afar with a +2 scythe of venom.
You are poisoned.
You feel sick. Sigmund gestures at you while chanting. The magic dart hits you.
Ouch! That really hurt!
You die...
Sigmund begins carving another notch in his scythe.

#.#####.# .# #.# #.#
#.. #.#####.# #.# #
#.....#.# ##.## .#
#.###.#.# ##...## ...
#.###[#.# .....#.#.#
#...)...#####...#....#
#.###.................
##.############S.......
#.......# #@#####.#
#..####.# ##+## #..#
#.# ##...## #..####.#
##.<...## #.....#.#
##.......##
##.......###.........#
...........'.........+
##.......###.........#


You could see Sigmund.

Vanquished Creatures
  Edmund (D:4)
  2 hounds (D:4)
  Terence (D:2)
  An iguana (D:4)
  An orc wizard (D:3)
  4 adders
  2 dart slugs
  8 orcs
  6 endoplasms
  5 giant cockroaches
  5 goblins
  6 hobgoblins
  7 jackals
  4 kobolds
  2 quokkas (D:1)
  5 ball pythons
  2 bats
  3 frilled lizards
  6 rats
71 creatures vanquished.

Notes
Turn   | Place    | Note
-------+----------+-------------------------------------------
     0 | D:1      | NateTC the Troll Monk began the quest for the Orb.
     0 | D:1      | Reached XP level 1. HP: 22/22 MP: 0/0
   159 | D:1      | Reached XP level 2. HP: 28/29 MP: 1/1
   655 | D:2      | Reached XP level 3. HP: 25/36 MP: 2/2
   747 | D:2      | Reached skill level 4 in Unarmed Combat
  1147 | D:2      | Noticed Terence
  1157 | D:2      | Killed Terence
  1237 | D:3      | Reached XP level 4. HP: 45/45 MP: 3/3
  1836 | D:4      | Reached skill level 5 in Unarmed Combat
  1836 | D:4      | Reached XP level 5. HP: 28/53 MP: 4/4
  1959 | D:4      | Found a bloodstained altar of Trog.
  2147 | D:4      | Noticed Edmund
  2155 | D:4      | Killed Edmund
  2156 | D:4      | Reached XP level 6. HP: 62/62 MP: 5/5
  2173 | D:4      | Reached skill level 6 in Unarmed Combat
  2690 | D:5      | Entered Level 5 of the Dungeon
  2800 | D:5      | Noticed Sigmund
  2801 | D:5      | Killed from afar by Sigmund

Illustrated notes

Levels and vault maps discovered:
D:1:      spicycebolla_arrival_risky_transporter, layout_basic
D:2:      layout_basic, serial_rivers, chequers_serial_rivers_marsh,
          chequers_serial_rivers_micro_c, chequers_serial_rivers_room_b,
          chequers_serial_rivers_micro_c, chequers_serial_rivers_small_b,
          chequers_serial_rivers_room_a, uniq_terence
D:3:      layout_basic
D:4:      layout_gridville, marbit_many_paths, minmay_pentomino_pile,
          uniq_edmund
D:5:      layout_loops_corners, xom_confusion_cloud, uniq_sigmund

Skill      XL: |  1  2  3  4  5  6 |
---------------+-------------------+-----
Unarmed Combat | 4 5 6 |  6.2
Fighting       | 3 4 |  4.0
Dodging        | |  2.4

Action                     |  1- 3 |  4- 6 || total
---------------------------+-------+-------++-------
  Melee: Unarmed           |    65 |    94 ||   159
         Constrict         |       |     1 ||     1
    Use: Scroll            |     3 |     7 ||    10
 Armour: Robe              |    36 |    40 ||    76
         Skin              |       |     6 ||     6
  Dodge: Dodged            |    19 |    38 ||    57
   Form: Serpent           |       |     1 ||     1

Table legend: (Time is in decaauts)
 A = Elapsed time spent in this place.
 B = Non-inter-level travel time spent in this place.
 C = Inter-level travel time spent in this place.
 D = Time resting spent in this place.
 E = Time spent auto-exploring this place.
 F = Levels seen in this place.
 G = Mean time per level.
                   A        B        C        D        E       F      G
               +--------+--------+--------+--------+--------+-----+--------+
         Total |   2786 |   2593 |    193 |      0 |   2197 |   5 |  557.2 |
       Dungeon |   2786 |   2593 |    193 |      0 |   2197 |   5 |  557.2 |
               +--------+--------+--------+--------+--------+-----+--------+

Top non-repeatable levels by time:
     D:4: 857 daAuts
     D:1: 625 daAuts
     D:3: 615 daAuts
     D:2: 580 daAuts
     D:5: 109 daAuts
